 Dungeon Crawl Stone Soup version 0.22-a0-833-g8522bf8 (webtiles) character file.

9571 Gildeon the Spear-Bearer (level 11, -3/88 HPs)
             Began as a White Draconian Fighter on July 25, 2018.
             Was a Believer of Makhleb.
             Slain by a hell rat (4 damage)
             ... on level 2 of the Lair of Beasts.
             The game lasted 01:09:18 (13775 turns).

Gildeon the Spear-Bearer (White Draconian Fighter) Turns: 13775, Time: 01:09:19

Health: -3/88      AC: 14    Str: 20    XL:     11   Next: 24%
Magic:  27/33      EV: 11    Int: 14    God:    Makhleb [**....]
Gold:   902        SH: 10    Dex: 12    Spells: 7/10 levels left

rFire    . . .     SeeInvis .   a - +3 spear (freeze)
rCold    + . .     Gourm    .   b - +0 shield
rNeg     . . .     Faith    .   (armour unavailable)
rPois    .         Spirit   .   z - +3 hat of Pondering {ponderous, MR+ MP+10 Int+5}
rElec    .         Reflect  .   v - +1 cloak
rCorr    .         Harm     .   c - +0 pair of gloves
MR       +....                  p - +0 pair of boots
Stlth    +.........             o - amulet of magic regeneration
HPRegen  0.24/turn              h - ring of magical power
MPRegen  0.48/turn              (no ring)

@: heavily drained, slow
A: breathe frost, unfitting armour, claws 1, cold resistance 1, cold-blooded,
MP-powered wands, AC +7
a: Breathe Frost, Minor Destruction, Renounce Religion


You were on level 2 of the Lair of Beasts.
You worshipped Makhleb.
Makhleb was pleased with you.
You were not hungry.

You visited 3 branches of the dungeon, and saw 13 of its levels.

You collected 902 gold pieces.

Inventory:

Hand Weapons
 a - a +3 spear of freezing (weapon)
 C - a +2 spear
 D - a +2 spear
Armour
 b - a +0 shield (worn)
 c - a +0 pair of gloves (worn)
 f - a scarf of cloud immunity
 p - a +0 pair of boots (worn)
 v - a +1 cloak (worn)
 z - the +3 hat of Pondering (worn) {ponderous, MR+ MP+10 Int+5}
   (You found it on level 9 of the Dungeon)

   It affects your intelligence (+5).
   It affects your resistance to hostile enchantments.
   It affects your magic capacity (+10).
Jewellery
 h - a ring of magical power (left hand)
 o - an amulet of magic regeneration (around neck)
 w - an uncursed amulet of rage {unknown}
 B - a +5 amulet of reflection {unknown}
Wands
 e - a wand of acid (10)
 g - a wand of enslavement (15)
 t - a wand of flame (33)
 y - a wand of random effects (26)
 A - a wand of polymorph (16)
 E - a wand of disintegration (12)
Scrolls
 i - 3 scrolls of remove curse
 m - 5 scrolls of teleportation
 q - a scroll of blinking
 x - a scroll of fog
Potions
 j - 3 potions of curing
 k - a potion of ambrosia
 l - 2 potions of invisibility
 n - 2 potions of lignification
 r - 2 potions of resistance
 s - 2 potions of berserk rage {unknown}
 u - a potion of brilliance {unknown}
Comestibles
 d - 18 rations


   Skills:
 + Level 5.6(3.3) Fighting
 * Level 12.1(9.4) Polearms
 - Level 5.0(2.8) Dodging
 + Level 9.2(6.7) Shields
 + Level 0.4(0.0) Spellcasting
 - Level 5.1(2.9) Invocations
 - Level 5.0(2.7) Evocations


You had 7 spell levels left.
You knew the following spells:

 Your Spells              Type           Power        Failure   Level  Hunger
a - Corona                Hex            #......      63%         1    ##.....
b - Slow                  Hex            #.......     77%         2    ###....

Your spell library contained the following spells:

 Spells                   Type           Power        Failure   Level  Hunger
 Cause Fear               Hex            #.........   100%        4    #####..
 Portal Projectile        Hex/Tloc       #.....       94%         3    ####...
 Leda's Liquefaction      Hex/Erth       #.........   100%        4    #####..
 Inner Flame              Hex/Fire       #.......     94%         3    ####...


Dungeon Overview and Level Annotations

Branches:
Dungeon (10/15)            Temple (1/1) D:5            Lair (2/6) D:10
  Swamp: Lair:2-4    Shoals: Lair:2-4     Snake: Lair:2-4    Spider: Lair:2-4
    Orc: D:9-12

Altars:
Ashenzari
Cheibriados
Dithmenos
Elyvilon
Fedhas
Gozag
Hepliaklqana
Kikubaaqudgha
Makhleb
Nemelex Xobeh
Okawaru
Qazlal
Ru
Sif Muna
Trog
Uskayaw
Vehumet
Wu Jian
Xom
Yredelemnul
Zin
The Shining One

Shops:
D:4 }   D:9 }*


Innate Abilities, Weirdness & Mutations

You can breathe waves of freezing cold.
You can buffet flying creatures when you breathe cold.
Your icy white scales are hard. (AC +7)
You cannot fit into any form of body armour.
Your flesh is cold resistant. (rC+)
You are cold-blooded and may be slowed by cold attacks.
You have sharp fingernails.
You expend magic power (3 MP) to strengthen your wands.


Message History

The komodo dragon is almost dead.
The hell rat completely misses you. The komodo dragon bites you!!
* * * LOW HITPOINT WARNING * * *
Your shield prevents you from hitting the komodo dragon.
You tail-slap the komodo dragon, but do no damage.
The komodo dragon is almost dead.
You block the hell rat's attack.
You hit the komodo dragon. You freeze the komodo dragon.
The komodo dragon is almost dead.
You block the komodo dragon's attack. You block the hell rat's attack.
You closely miss the komodo dragon.
The komodo dragon is almost dead.
The komodo dragon bites you.
* * * LOW HITPOINT WARNING * * *
You hit the komodo dragon but do no damage.
The komodo dragon is almost dead.
The hell rat bites you!
* * * LOW HITPOINT WARNING * * *
You feel drained.
You die...

*
*,,,,,,,,,,,,.......,,,,*
**
**,*,,***,,**,......**,,**
,*
*,,*,***,,,***.....,**,,*
** *,,,,*
*#,,*##$...#***,,** ***
**,,,** #.###.#...#**,,,,*
*,*
*,,,,*##.#.......,,,,,,**
,**
**,,,**#P.....#.#####*,***
**
*,,*,,,#...#........#,,,,*
*
**,*,,,,*,#.@.####....,***
*,,,*,*,#.#lr# **,,#,,*
*,,,,,*#.*#..# *,,,,**
**,,,,,#,,#..#****,,,** *
**,*,,#....<.#*,*,,,* *
*,,,,###P......,,,,** *
**,,,,,*##.P...#..,,,* *
*,,,,,,*,#.#....#*,,**
**,,,,,,,.........,,,*


You could see a komodo dragon and a hell rat.

Vanquished Creatures
  A two-headed ogre (D:8)
  A black mamba (Lair:1)
  2 komodo dragons (Lair:1)
  2 hippogriffs
  A spriggan (D:7)
  11 yaks (D:10)
  A basilisk (Lair:1)
  A hungry ghost (D:8)
  A water moccasin (Lair:2)
  2 porcupines
  A black bear (D:10)
  An eye of draining (D:10)
  2 sky beasts
  2 orc warriors
  3 phantoms
  2 ice beasts
  3 ogres
  4 centaurs
  A crocodile (Lair:1)
  5 bullfrogs
  A gnoll sergeant (D:7)
  A water moccasin skeleton (D:4)
  4 scorpions
  9 killer bees (D:10)
  14 wights
  3 howler monkeys
  10 crimson imps
  A quasit (D:7)
  3 centaur skeletons
  2 hounds
  2 orc priests
  Crazy Yiuf (D:6)
  3 orc wizards
  2 bullfrog skeletons
  5 hell rats
  3 iguanas
  7 worker ants
  A howler monkey zombie (D:7)
  4 gnolls
  8 adders
  3 shadow imps
  2 white imps (D:7)
  An ooze (D:4)
  2 adder skeletons
  2 adder zombies
  5 worms
  A dart slug (D:2)
  2 leopard geckos
  21 orcs
  3 ball pythons
  5 giant cockroaches
  10 goblins
  7 hobgoblins
  13 jackals
  7 kobolds
  3 quokkas
  6 bats
  12 frilled lizards
  21 rats
257 creatures vanquished.

Vanquished Creatures (collateral kills)
  An ogre (D:10)
  A centaur (D:10)
  An orc (D:9)
3 creatures vanquished.

Vanquished Creatures (others)
  An orc (D:9)
  17 fungi
  11 plants (D:10)
29 creatures vanquished.

Grand Total: 289 creatures vanquished

Notes
Turn   | Place    | Note
-------+----------+-------------------------------------------
     0 | D:1      | Gildeon the Draconian Fighter began the quest for the Orb.
     0 | D:1      | Reached XP level 1. HP: 19/19 MP: 1/1
   243 | D:1      | Reached XP level 2. HP: 26/26 MP: 2/2
   925 | D:1      | Reached XP level 3. HP: 20/31 MP: 3/3
  1640 | D:2      | Reached skill level 3 in Polearms
  1870 | D:2      | Reached XP level 4. HP: 36/40 MP: 4/4
  2350 | D:3      | Found a faded altar of an unknown god.
  2790 | D:3      | Found a bloodstained altar of Trog.
  3202 | D:3      | Reached XP level 5. HP: 44/46 MP: 5/5
  3329 | D:4      | Found a basalt altar of Yredelemnul.
  3513 | D:4      | Found Caocytog's Gadget Emporium.
  3513 | D:4      | Noticed an ogre
  3530 | D:4      | Killed an ogre
  3530 | D:4      | Reached skill level 4 in Polearms
  3530 | D:4      | Reached XP level 6. HP: 28/53 MP: 6/6
  4117 | D:5      | Entered Level 5 of the Dungeon
  4117 | D:5      | Found a staircase to the Ecumenical Temple.
  4129 | D:5      | Reached skill level 5 in Polearms
  4129 | D:5      | Your scales start taking on an icy white colour.
  4129 | D:5      | Reached XP level 7. HP: 44/60 MP: 7/7
  4129 | D:5      | Gained mutation: Your flesh is cold resistant. (rC+) [White Draconian growth]
  4142 | D:5      | Reached skill level 5 in Fighting
  4186 | Temple   | Entered the Ecumenical Temple
  4262 | Temple   | Became a worshipper of Makhleb the Destroyer
  4740 | D:5      | Gained mutation: You expend magic power (3 MP) to strengthen your wands. [potion of mutation]
  4740 | D:5      | Gained mutation: You have sharp fingernails. [potion of mutation]
  4745 | D:5      | Found a hide-covered altar of Uskayaw.
  4937 | D:5      | HP: 1/61 [ogre/giant club (28)]
  5090 | D:5      | Reached skill level 6 in Polearms
  5090 | D:5      | Reached skill level 5 in Shields
  5524 | D:5      | Reached XP level 8. HP: 49/68 MP: 8/8
  5860 | D:5      | Found a sacrificial altar of Ru.
  6072 | D:6      | Reached skill level 5 in Dodging
  6448 | D:6      | Reached skill level 7 in Polearms
  6600 | D:6      | Reached skill level 1 in Invocations
  6986 | D:6      | Found a runed door.
  6990 | D:6      | Noticed Crazy Yiuf
  6993 | D:6      | Paralysed by Crazy Yiuf for 2 turns
  7000 | D:6      | Killed Crazy Yiuf
  7406 | D:7      | Reached skill level 8 in Polearms
  7808 | D:7      | Reached XP level 9. HP: 49/74 MP: 11/11
  8701 | D:7      | Reached skill level 9 in Polearms
  8712 | D:7      | Reached * piety under Makhleb
  9272 | D:8      | Noticed a two-headed ogre
  9278 | D:8      | Killed a two-headed ogre
  9278 | D:8      | Reached skill level 5 in Invocations
  9278 | D:8      | Reached skill level 1 in Evocations
  9639 | D:9      | Found a sparkling altar of Nemelex Xobeh.
 10044 | D:9      | Found Dowedgh's Gadget Emporium.
 10104 | D:9      | Found an opulent altar of Gozag.
 10104 | D:9      | Found Gozag's Platinum Reserve.
 10240 | D:9      | Reached skill level 10 in Polearms
 10381 | D:9      | Found the +3 hat of Pondering {ponderous, MR+ MP+10 Int+5}
 10430 | D:9      | Found a sacrificial altar of Ru.
 10444 | D:9      | Reached XP level 10. HP: 81/81 MP: 13/13
 10539 | D:9      | Found a sparkling altar of Nemelex Xobeh.
 10624 | D:10     | Entered Level 10 of the Dungeon
 11216 | D:10     | Reached skill level 11 in Polearms
 11308 | D:10     | Reached ** piety under Makhleb
 11641 | D:10     | Reached XP level 11. HP: 86/86 MP: 14/14
 11667 | D:10     | Reached skill level 5 in Evocations
 11920 | D:10     | Found a staircase to the Lair.
 12012 | D:10     | Found a shattered altar of Ashenzari.
 12371 | Lair:1   | Entered Level 1 of the Lair of Beasts
 12378 | Lair:1   | Learned a level 1 spell: Corona
 12381 | Lair:1   | Learned a level 2 spell: Slow
 12769 | Lair:1   | Reached skill level 12 in Polearms
 13775 | Lair:2   | HP: 1/88 [hell rat (10)]
 13775 | Lair:2   | Slain by a hell rat

Vault maps used:
D:1:      wheals_arrival_shading, minivault_24, dk_noncrumbling_3,
          grunt_decor_resistance, minmay_pentomino_x4
D:2:      minmay_door_path, minmay_rat_hole
D:3:      corexii_shack_village, lemuel_coloured_pillars_altar,
          chequers_ecumenical_altar_simple
D:4:      yredelemnul_altar_generic, first_ration, serial_shops, shop
D:5:      old_standard_altar, minmay_temple_entry_butterflies,
          hangedman_decor_opposing, nicolae_ru_path_of_blood
D:6:      lemuel_old_faithful, uniq_crazy_yiuf_cottage
D:7:      the_bakery, minmay_nine_imps
D:9:      old_standard_altar, nicolae_overflow_hidden_temple,
          nicolae_gozag_zags_fifth_avenue, serial_shops,
          nicolae_shop_statue_plus, hangedman_abyss_or_decor_clamps,
          nemelex_spade_bored_becter
D:10:     grunt_lair_entry_orc_guard_hut, basic_altar
Temple:   eino_temple_scatter_basement

Skill      XL: |  1  2  3  4  5  6  7  8  9 10 11 |
---------------+----------------------------------+-----
Dodging        | 3 4 5 |  5.0
Polearms       | 3 4 5 6 8 10 11 12 | 12.1
Fighting       | 4 5 |  5.6
Shields        | 4 5 6 7 8 9 |  9.2
Invocations    | 3 5 |  5.1
Evocations     | 2 4 5 |  5.0
Spellcasting   | |  0.4

Action                   |  1- 3 |  4- 6 |  7- 9 | 10-12 || total
-------------------------+-------+-------+-------+-------++-------
Melee: Trident           |   162 |   238 |   444 |       ||   844
       Tailslap          |    13 |    25 |    95 |    75 ||   208
       Spear             |       |       |   161 |   528 ||   689
 Abil: Breathe Frost     |       |       |     4 |       ||     4
Evoke: Wand              |       |       |     1 |     5 ||     6
  Use: Scroll            |     3 |     6 |    11 |     3 ||    23
       Potion            |       |       |     4 |     1 ||     5
 Stab: Sleeping          |       |       |     2 |       ||     2
       Distracted        |       |       |       |     1 ||     1
  Eat: Chunk             |     1 |     7 |     6 |     2 ||    16
       Ration            |     1 |       |     5 |     3 ||     9
Armor: Skin              |    53 |    33 |   115 |    80 ||   281
Dodge: Dodged            |    85 |    79 |   236 |   159 ||   559
Block: Shield            |    94 |   100 |   237 |   197 ||   628

Table legend:
 A = Spawn XP
 B = Non-spawn XP
 C = Spawn XP percentage of total XP
 D = Spawn monster count
 E = Non-spawn monster count
 F = Spawn count percentage of total count
 G = Total turns spent on level
                    A         B        C        D         E        F      G
               +---------+---------+-------+---------+---------+-------+---------
         Total |       0 |   13674 |   0.0 |       0 |     260 |   0.0 | 13775
               +---------+---------+-------+---------+---------+-------+---------
           D:1 |       0 |      48 |   0.0 |       0 |      35 |   0.0 |  1050
           D:2 |       0 |      60 |   0.0 |       0 |      22 |   0.0 |  1300
           D:3 |       0 |      93 |   0.0 |       0 |      34 |   0.0 |   979
           D:4 |       0 |     409 |   0.0 |       0 |      23 |   0.0 |   788
           D:5 |       0 |    1000 |   0.0 |       0 |      20 |   0.0 |  1642
           D:6 |       0 |     732 |   0.0 |       0 |       8 |   0.0 |  1295
           D:7 |       0 |    1387 |   0.0 |       0 |      33 |   0.0 |  1490
           D:8 |       0 |    1569 |   0.0 |       0 |      13 |   0.0 |   829
           D:9 |       0 |     269 |   0.0 |       0 |      10 |   0.0 |  1089
          D:10 |       0 |    5681 |   0.0 |       0 |      46 |   0.0 |  1725
        Lair:1 |       0 |    2097 |   0.0 |       0 |      13 |   0.0 |  1338
        Lair:2 |       0 |     329 |   0.0 |       0 |       3 |   0.0 |    66
               +---------+---------+-------+---------+---------+-------+---------
